 Dungeon Crawl Stone Soup version 0.30-a0-585-g93115170b9 (webtiles) character file.

Game seed: 10212397558797095319

875 lunkers the Firebug (level 8, -1/94 HPs)
             Began as a Meteoran Cinder Acolyte on Jan 2, 2023.
             Was an Initiate of Sif Muna.
             Slain by a fire elemental (5 damage)
             ... created by the fiery vengeance of Ignis
             ... on level 6 of the Dungeon.
             The game lasted 00:06:03 (1931 turns).

lunkers the Firebug (Meteoran Cinder Acolyte)       Turns: 1931, Time: 00:06:04

Health: -1/94      AC: 24    Str: 16    XL:     8   Next: 49%
Magic:  5/15       EV:  2    Int: 18    God:    Sif Muna [......]
Gold:   230        SH:  0    Dex:  9    Spells: 13/15 levels left

rFire   . . .      SeeInvis .    a - +2 dagger (elec)
rCold   . . .      Faith    .    r - orb {light}
rNeg    . . .      Spirit   .    (body armour currently unavailable)
rPois   +          Reflect  .    (helmet currently unavailable)
rElec   .          Harm     .    (cloak currently unavailable)
rCorr   .          Rampage  .    (gloves currently unavailable)
Will    +....      NoTele   +    (boots currently unavailable)
Stlth   +                        l - amulet of magic regeneration
HPRegen 0.35/turn                (no ring)
MPRegen 0.54/turn                (no ring)

@: lethally poisoned (-1 -> -2), tree-form, glowing, fire susceptible
A: stationary, stasis, torment immunity, boosted hp, sense surroundings 1,
otherworldly, glowing, explore regen
a: Renounce Religion


You were on level 6 of the Dungeon.
You worshipped Sif Muna.
Sif Muna was noncommittal.
You were a tree.
You visited 1 branch of the dungeon, and saw 6 of its levels.

You collected 230 gold pieces.

Inventory:

Hand Weapons
 a - a +2 dagger of electrocution (weapon)
 h - a -1 mace of flaming
 i - a +2 short sword of electrocution
Missiles
 q - 2 throwing nets
Armour
 b - a +0 robe (melded)
 r - an orb of light (worn)
 s - a +1 pair of boots (melded)
Jewellery
 l - an amulet of magic regeneration (around neck)
Wands
 d - a wand of polymorph (12)
Scrolls
 f - a scroll of immolation
Potions
 c - a potion of mutation
 e - a potion of berserk rage {unknown}
 m - a potion of heal wounds
 n - a potion of flight
 o - a potion of brilliance


   Skills:
 + Level 3.5 Fighting
 - Level 6.0 Short Blades
 - Level 4.5 Maces & Flails
 + Level 1.1 Dodging
 + Level 4.2 Spellcasting
 * Level 7.3 Fire Magic


You had 13 spell levels left.
You knew the following spells:

 Your Spells              Type           Power      Damage    Failure   Level
p - Scorch                Fire           60%        2d8       1%          2

Your spell library contained the following spells:

 Spells                   Type           Power      Damage    Failure   Level
 Cigotuvi's Dreadful Rot  Necr/Pois/Air  6%         N/A       22%         2
 Dispel Undead            Necr           3%         3d7       82%         4
 Death Channel            Necr           1%         N/A       100%        6


Dungeon Overview and Level Annotations

Branches:
Dungeon (6/15) Zot: 1665
 Temple: D:4-7

Altars:
Sif Muna
Vehumet
Wu Jian
Zin

Shops:
D:1 (


Innate Abilities, Weirdness & Mutations

You are a tree.
Your roots penetrate the ground, keeping you stationary.
You cannot be teleported.
You are immune to unholy pain and torment.
Your maximum health is greatly increased.
Your equipment is partially melded.
You passively map a small area around you.
You are easily found by Zot.
You glow in the dark.
You regain HP and MP as you explore.


Message History

This square is lit by a halo.
Unknown command.
Casting: Scorch (safe; 1% risk of failure)
Confirm with . or Enter, or press ? or * to list all spells.
Okay, then.
Unknown command.
Okay, then.
Okay, then.
Casting: Scorch (safe; 1% risk of failure)
Press: ? - help, Q - select action, (/) - cycle Dir - look around, f - activate Flames lash the killer bee.
The killer bee is burned terribly!
You kill the killer bee!
Sif Muna accepts your kill.
You feel sick.
The killer bee stings you but does no damage.
The fire elemental hits you. The fire elemental burns you!
* * * LOW HITPOINT WARNING * * *
The fire elemental hits you. The fire elemental burns you!
* * * LOW HITPOINT WARNING * * *
Your Dodging skill increases to level 1!
Unknown command.
Casting: Scorch (safe; 1% risk of failure)
Press: ? - help, Q - select action, (/) - cycle Dir - look around, f - activate Flames lash the fire elemental.
The fire elemental completely resists.
You feel sick.
The killer bee stings you but does no damage.
The killer bee stings you!
* * * LOW HITPOINT WARNING * * *
The fire elemental hits you. The fire elemental burns you!
* * * LOW HITPOINT WARNING * * *
The fire elemental hits you. The fire elemental burns you!
* * * LOW HITPOINT WARNING * * *
You hit the fire elemental.
The fire elemental is lightly damaged.
You feel sick.
The killer bee stings you but does no damage.
The fire elemental hits you. The fire elemental burns you!
* * * LOW HITPOINT WARNING * * *
The fire elemental hits you. The fire elemental burns you!
You die...

* *############# *
,.......#... *,,
?........, ,
......., , ..... ,
,.E○ * * **#y# ##+##
, * *
,*#♣####...###+# ,
,,#EE........... ,
,, ,#.°........... ,
#............. ,,
#............. #...
#.............
#....,+.............
#....,#.............
#.... ###.##...##...
*


You could see 3 fire elementals and a killer bee.

Vanquished Creatures
  Menkaure (D:4)
  A sky beast (D:6)
  2 ogres
  A phantom (D:6)
  3 killer bees (D:6)
  A hound (D:5)
  A jelly (D:5)
  An orc wizard (D:5)
  3 adders
  12 gnolls
  A shadow imp (D:5)
  2 worms
  8 orcs
  3 endoplasms
  6 goblins
  7 hobgoblins
  7 kobolds
  3 quokkas
  3 ball pythons
  4 bats
  A frilled lizard (D:3)
  10 rats
81 creatures vanquished.

Vanquished Creatures (collateral kills)
  A foxfire (D:3)
1 creature vanquished.

Vanquished Creatures (others)
  81 foxfires
81 creatures vanquished.

Grand Total: 163 creatures vanquished

Notes
Turn   | Place    | Note
-------+----------+-------------------------------------------
     0 | D:1      | lunkers the Meteoran Cinder Acolyte began the quest for the
                  | Orb.
     0 | D:1      | Reached XP level 1. HP: 19/19 MP: 3/3
     6 | D:1      | You fall into a shaft and drop 1 floor!
   120 | D:2      | Found a glowing silver altar of Zin.
   155 | D:2      | Reached XP level 2. HP: 26/26 MP: 3/5
   169 | D:2      | Learned a level 2 spell: Scorch
   189 | D:1      | Found Tadourgha's Antique Weapon Boutique.
   220 | D:1      | Reached skill level 4 in Fire Magic
   343 | D:1      | Reached XP level 3. HP: 26/31 MP: 7/7
   825 | D:2      | Reached skill level 1 in Short Blades
   825 | D:2      | Reached XP level 4. HP: 38/38 MP: 2/8
   980 | D:3      | Found an ornate altar of the Wu Jian Council.
  1078 | D:3      | Noticed an ogre
  1079 | D:3      | Reached XP level 5. HP: 45/45 MP: 7/10
  1081 | D:3      | Killed an ogre
  1082 | D:3      | Reached XP level 6. HP: 51/51 MP: 7/11
  1184 | D:4      | Found a shimmering blue altar of Sif Muna.
  1242 | D:4      | Found a radiant altar of Vehumet.
  1272 | D:4      | Reached skill level 5 in Fire Magic
  1323 | D:4      | Noticed Menkaure
  1326 | D:4      | Killed Menkaure
  1327 | D:4      | Reached XP level 7. HP: 31/57 MP: 10/14
  1365 | D:4      | Fell from the grace of Ignis
  1365 | D:4      | Became a worshipper of Sif Muna the Loreminder
  1576 | D:5      | Entered Level 5 of the Dungeon
  1634 | D:5      | Reached skill level 5 in Short Blades
  1701 | D:5      | Reached skill level 6 in Fire Magic
  1898 | D:6      | Reached XP level 8. HP: 63/63 MP: 9/15
  1909 | D:6      | Reached skill level 7 in Fire Magic
  1925 | D:6      | Noticed a fire elemental
  1925 | D:6      | Noticed a fire elemental
  1925 | D:6      | Noticed a fire elemental
  1930 | D:6      | Reached skill level 1 in Dodging
  1931 | D:6      | HP: 4/94 [fire elemental[the fiery vengeance of Ignis] (8)]
  1931 | D:6      | Slain by a fire elemental

Illustrated notes

Levels and vault maps discovered:
D:1:      dpeg_arrival_yet_another_circle, layout_basic, serial_shops,
          shop_fountains, minmay_misc_feat_rugged, minmay_rat_gold_closets
D:2:      layout_basic, basic_altar, grunt_ministairs_11
D:3:      layout_loops_cross, nicolae_wu_jian_immortal_techniques
D:4:      layout_rooms, mainiacjoe_overflow_paths,
          mainiacjoe_overflow_boulevard, uniq_menkaure
D:5:      layout_basic, lemuel_coloured_pillars_altar
D:6:      layout_gridville, lightli_minifort

Skill      XL: |  1  2  3  4  5  6  7  8 |
---------------+-------------------------+-----
Spellcasting   | 2 3 4 |  4.2
Fire Magic     | 4 5 6 7 |  7.3
Short Blades   | 1 2 3 4 6 |  6.0
Dodging        | 1 |  1.1
Fighting       | |  3.5
Maces & Flails | |  4.5

Action                   |  1- 3 |  4- 6 |  7- 9 || total
-------------------------+-------+-------+-------++-------
Melee: Mace              |    43 |       |       ||    43
       Dagger            |       |    37 |     4 ||    41
 Cast: Scorch            |    15 |    21 |    45 ||    81
Invok: Foxfire Swarm     |     1 |     5 |       ||     6
  Use: Scroll            |       |       |    10 ||    10
       Potion            |       |       |     1 ||     1
Armor: Robe              |    14 |    12 |     1 ||    27
       Skin              |       |       |    15 ||    15
Dodge: Dodged            |    25 |    29 |    12 ||    66

Table legend: (Time is in decaauts)
 A = Elapsed time spent in this place.
 B = Non-inter-level travel time spent in this place.
 C = Inter-level travel time spent in this place.
 D = Time resting spent in this place.
 E = Time spent auto-exploring this place.
 F = Levels seen in this place.
 G = Mean time per level.
                   A        B        C        D        E       F      G
               +--------+--------+--------+--------+--------+-----+--------+
         Total |   1933 |   1800 |    133 |      0 |   1272 |   6 |  322.2 |
       Dungeon |   1933 |   1800 |    133 |      0 |   1272 |   6 |  322.2 |
               +--------+--------+--------+--------+--------+-----+--------+

Top non-repeatable levels by time:
     D:2: 523 daAuts
     D:4: 438 daAuts
     D:1: 418 daAuts
     D:5: 252 daAuts
     D:3: 245 daAuts
     D:6: 55 daAuts
